 Dungeon Crawl Stone Soup version 0.30-a0-469-g84de5afbc5 (webtiles) character file.

Game seed: 12033062251646712033

75 cforsyth the Cudgeller (level 4, -7/39 HPs)
             Began as an Armataur Gladiator on Dec 19, 2022.
             Mangled by an iron imp (10 damage)
             ... summoned by Natasha
             ... on level 2 of the Dungeon.
             The game lasted 00:01:54 (1410 turns).

cforsyth the Cudgeller (Armataur Gladiator)         Turns: 1410, Time: 00:01:55

Health: -7/39      AC:  5    Str: 22    XL:     4   Next: 11%
Magic:  4/4        EV: 10    Int:  8    God:
Gold:   93         SH:  0    Dex: 11    Spells: 3/3 levels left

rFire   . . .      SeeInvis .    a - +0 flail
rCold   . . .      Faith    .    (no shield)
rNeg    . . .      Spirit   .    b - +0 leather armour
rPois   .          Reflect  .    c - +0 helmet
rElec   .          Harm     .    (no cloak)
rCorr   .          Roll     +    (no gloves)
Will    .....                    (no barding)
Stlth   +.........               (no amulet)
HPRegen 0.26/turn                (no ring)
MPRegen 0.09/turn                (no ring)

@: no status effects
A: large, rugged brown scales 3, deformed body, armoured tail, roll, long
tongue, awkward tongue
a: no special abilities


You were on level 2 of the Dungeon.
You visited 1 branch of the dungeon, and saw 2 of its levels.

You collected 93 gold pieces.

Inventory:

Hand Weapons
 a - a +0 flail (weapon)
Missiles
 d - 3 throwing nets (quivered)
 e - a javelin
Armour
 b - a +0 leather armour (worn)
 c - a +0 helmet (worn)
Scrolls
 g - a scroll of fog {unknown}
 h - a scroll of enchant armour {unknown}
 i - a scroll of immolation {unknown}
Potions
 f - a potion of haste {unknown}


   Skills:
 + Level 2.6 Fighting
 + Level 3.3 Maces & Flails
 - Level 2.0 Throwing
 + Level 2.0 Armour
 - Level 2.3 Dodging


You had 3 spell levels left.
You didn't know any spells.
Your spell library was empty.

Dungeon Overview and Level Annotations

Branches:
Dungeon (2/15)

Altars:

Annotations:
D:2 Natasha


Innate Abilities, Weirdness & Mutations

You are completely covered in rugged brown scales. (AC +3, +7% HP)
Armour fits poorly on your strangely shaped body.
You have a long armoured tail.
You roll when moving toward enemies. (Rampage)
Your long tongue fully drains potion bottles. (2x potion effects)
Your tongue gives you trouble enunciating. (1.5x scroll delay)


Message History

The shadow imp gestures at you. Pain shoots through your body!
You sock the shadow imp!
You kill the shadow imp!
The shadow imp disappears in a puff of smoke!
The shadow imp hits you.
You hit the ball python.
The ball python is severely wounded.
The shadow imp disappears in a puff of smoke!
The ball python closely misses you.
The ball python bites you but does no damage.
You thump the ball python!
You kill the ball python!
Natasha casts a spell.
You roll towards the quokka!
You barely miss the quokka. The quokka bites you.
The crimson imp hits you but does no damage.
The goblin hits you but does no damage. The quokka bites you.
The quokka closely misses you.
The crimson imp picks up a beetle and eats it.
The crimson imp barely misses you.
You miss the quokka. The quokka closely misses you.
The quokka barely misses you. The goblin hits you but does no damage.
The crimson imp hits you but does no damage.
The quokka barely misses you. The quokka closely misses you.
You thump the quokka!
You kill the quokka!
Natasha growls.
The goblin hits you but does no damage.
The crimson imp blinks!
The quokka bites you.
* * * LOW HITPOINT WARNING * * *
Natasha closely misses you. The goblin hits you with a +0 dagger.
* * * LOW HITPOINT WARNING * * *
Unknown command.
You barely miss Natasha.
Your tail-slap misses Natasha.
Natasha is moderately wounded.
The quokka bites you but does no damage.
Natasha claws you.
* * * LOW HITPOINT WARNING * * *
The goblin closely misses you. The iron imp hits you!
You die...

#######........ .........
#####....[... #........
###..).........####.#......
....###...^................
...####.....##......†......
##.........................
.....##......##5..$........
.######........gh5.......).
.# ........##@#..###.... .#
.###..#..r.#..# ... ## .
#......####... ..
####.#.#..# #.#.. .
#.....##....#.##.#
###.#.#######.#.# ..#
#...#.# # .# #####.###.#
......# ..#


You could see an iron imp (summoned), Natasha, a crimson imp (summoned), a
quokka and a goblin.

Vanquished Creatures
  2 adders (D:2)
  2 worms (D:2)
  3 dart slugs (D:1)
  6 endoplasms
  2 giant cockroaches
  A goblin (D:2)
  4 hobgoblins (D:1)
  8 jackals
  4 kobolds (D:1)
  2 quokkas (D:2)
  4 ball pythons (D:2)
  A frilled lizard (D:2)
  A rat (D:1)
  A butterfly (D:1)
41 creatures vanquished.

Notes
Turn   | Place    | Note
-------+----------+-------------------------------------------
     0 | D:1      | cforsyth the Armataur Gladiator began the quest for the
                  | Orb.
     0 | D:1      | Reached XP level 1. HP: 18/18 MP: 1/1
   316 | D:1      | Reached XP level 2. HP: 24/25 MP: 2/2
   519 | D:1      | Found a faded altar of an unknown god.
   675 | D:1      | Reached skill level 3 in Maces & Flails
   749 | D:1      | Reached skill level 1 in Armour
   885 | D:1      | Reached XP level 3. HP: 31/31 MP: 3/3
  1357 | D:2      | Reached XP level 4. HP: 39/39 MP: 4/4
  1389 | D:2      | Noticed Natasha
  1410 | D:2      | Mangled by an iron imp

Illustrated notes

Levels and vault maps discovered:
D:1:      spicycebolla_arrival_clurvy, layout_loops_ring,
          hellmonk_ecumenical_altar_prayer_group
D:2:      layout_rooms, uniq_natasha

Skill      XL: |  1  2  3 |
---------------+----------+-----
Fighting       | 2 |  2.6
Throwing       | 2 |  2.0
Maces & Flails | 3 |  3.3
Armour         | 1 2 |  2.0
Dodging        | |  2.3

Action                   |  1- 3 |  4- 6 || total
-------------------------+-------+-------++-------
Melee: Flail             |   105 |    16 ||   121
       Tailslap          |    11 |     2 ||    13
       Punch             |     1 |       ||     1
 Stab: Sleeping          |     1 |       ||     1
Armor: Leather armour    |    52 |    13 ||    65
Dodge: Dodged            |    59 |    21 ||    80

Table legend: (Time is in decaauts)
 A = Elapsed time spent in this place.
 B = Non-inter-level travel time spent in this place.
 C = Inter-level travel time spent in this place.
 D = Time resting spent in this place.
 E = Time spent auto-exploring this place.
 F = Levels seen in this place.
 G = Mean time per level.
                   A        B        C        D        E       F      G
               +--------+--------+--------+--------+--------+-----+--------+
         Total |   1440 |   1401 |     39 |    252 |    901 |   2 |  720.0 |
       Dungeon |   1440 |   1401 |     39 |    252 |    901 |   2 |  720.0 |
               +--------+--------+--------+--------+--------+-----+--------+

Top non-repeatable levels by time:
     D:1: 1114 daAuts
     D:2: 325 daAuts
